 Dungeon Crawl Stone Soup version 0.30-a0-1075-gcd70e7a56d (webtiles) character file.

Game seed: 5536262896995808832

5292 cforsyth the Summoner (level 10, -17/56 HPs)
             Began as an Octopode Summoner on Apr 15, 2023.
             Was an Initiate of Gozag.
             Hit by a large rock thrown by a cyclops (25 damage)
             ... on level 11 of the Dungeon.
             The game lasted 00:18:08 (8430 turns).

cforsyth the Summoner (Octopode Summoner)           Turns: 8430, Time: 00:18:08

Health: -17/56     AC:  1    Str: 14    XL:     10   Next: 63%
Magic:  6/23       EV: 13    Int: 21    God:    Gozag
Gold:   480        SH:  0    Dex: 13    Spells: 15/28 levels left

rFire   . . .      SeeInvis .    (no weapon)
rCold   . . .      Faith    .    (no shield)
rNeg    . . .      Spirit   .    (helmet restricted)
rPois   .          Reflect  .    (no amulet)
rElec   .          Rampage  .    n - ring of flight
rCorr   .                        t - +6 ring of strength
Will    .....                    (no ring)
Stlth   +++                      (no ring)
HPRegen 0.29/turn                (no ring)
MPRegen 0.18/turn                (no ring)
                                 (no ring)
                                 (no ring)

@: flying
A: almost no armour, amphibious, 8 rings, camouflage 1, gelatinous body 1,
(nimble swimmer 1), tentacles
a: Renounce Religion, Potion Petition, Call Merchant, Bribe Branch


You were on level 11 of the Dungeon.
You worshipped Gozag.
Gozag was aware of your devotion.
You visited 2 branches of the dungeon, and saw 10 of its levels.
You also visited: Sewer.

You collected 580 gold pieces.
You paid 100 gold pieces to Gozag.

Inventory:

Jewellery
 n - a ring of flight (left tentacle)
 t - a +6 ring of strength (right tentacle)
 w - a ring of magical power
Wands
 j - a wand of charming (4)
 k - a wand of mindburst (10)
 s - a wand of polymorph (4)
 u - a wand of quicksilver (6)
Scrolls
 c - a scroll of blinking
 f - 2 scrolls of magic mapping
 h - 3 scrolls of immolation {unknown}
 i - a scroll of enchant armour
 m - 5 scrolls of teleportation
 r - 2 scrolls of fog
 v - a scroll of fear {unknown}
Potions
 a - 3 potions of magic
 b - 2 potions of attraction
 d - a potion of cancellation {unknown}
 e - 2 potions of flight
 g - 5 potions of curing
 l - a potion of heal wounds
 o - 3 potions of haste
 p - 4 potions of might
 q - a potion of lignification
 x - a potion of berserk rage {unknown}


   Skills:
 - Level 2.0 Dodging
 - Level 2.6 Stealth
 + Level 9.7 Spellcasting
 - Level 3.0 Hexes
 + Level 11.1 Summonings
 - Level 4.0 Air Magic


You had 15 spell levels left.
You knew the following spells:

 Your Spells              Type           Power      Damage    Failure   Level
a - Summon Small Mammal   Summ           100%       N/A       1%          1
b - Call Imp              Summ           100%       N/A       1%          2
c - Call Canine Familiar  Summ           54%        N/A       1%          3
d - Summon Guardian Gole  Hex/Summ       39%        N/A       1%          3
e - Summon Lightning Spi  Summ/Air       41%        N/A       3%          4

Your spell library contained the following spells:

 Spells                   Type           Power      Damage    Failure   Level
 Ensorcelled Hibernation  Hex/Ice        32%        N/A       5%          2
 Spider Form              Tmut/Pois      10%        N/A       21%         3
 Anguish                  Hex/Necr       8%         N/A       34%         4
 Iskenderun's Battlesphe  Conj           10%        2d6       88%         5
 Spellforged Servitor     Conj/Summ      16%        N/A       99%         7
 Iron Shot                Conj/Erth      5%         9d2       100%        6


Dungeon Overview and Level Annotations

Branches:
Dungeon (8/15)             Temple (1/1) D:6            Lair (0/5) D:8
  Sewer (visited)

Altars:
Ashenzari
Dithmenos
Elyvilon
Gozag
Kikubaaqudgha
Nemelex Xobeh
Okawaru
Qazlal
Ru
Trog
Xom
Yredelemnul
Zin


Innate Abilities, Weirdness & Mutations

You cannot wear most types of armour.
You are amphibious.
You can wear up to eight rings at the same time.
Your skin changes colour to match your surroundings (Stealth+).
Your rubbery body absorbs attacks. (AC +1, EV +1)
((You are camouflaged when in or above water. (Stealth+)))
You have tentacles for arms and can constrict up to eight enemies at once.


Message History

Your wolf barely misses the yak.
Your wolf bites the yak but does no damage.
The yak closely misses your wolf.
Your wolf barely misses the yak.
Your wolf bites the yak.
The yak dies!
A cyclops comes into view.
Casting: Call Canine Familiar (safe; 1% risk of failure)
Confirm with . or Enter, or press ? or * to list all spells.
A guardian golem appears, shielding your allies.
The cyclops throws a large rock.
The large rock misses you.
Your wolf bites the cyclops.
The cyclops throws a large rock.
The large rock barely misses your wolf.
The large rock hits your guardian golem!
Your wolf barely misses the cyclops.
Your wolf bites the cyclops but does no damage.
Your wolf bites the cyclops!
The cyclops throws a large rock.
The large rock misses your wolf.
The large rock hits your guardian golem!
Your wolf bites the cyclops!
Your wolf bites the cyclops.
The cyclops throws a large rock.
The large rock misses your wolf. The large rock hits you!!
Ouch! That really hurt!
* * * LOW HITPOINT WARNING * * *
Your wolf bites the cyclops!
Your wolf bites the cyclops.
Your wolf completely misses the cyclops.
The cyclops hits your wolf!
Your wolf bites the cyclops!
Your guardian golem overheats!
Your wolf bites the cyclops.
The cyclops hits your wolf!!
Your wolf dies!
Your wolf's corpse disappears in a puff of smoke!
Flame seeps out of your guardian golem.
Your guardian golem is engulfed in blazing flames.
Flame seeps out of your guardian golem.
The cyclops shouts!
Your guardian golem is engulfed in blazing flames.
Flame seeps out of your guardian golem.
The cyclops throws a large rock.
The large rock hits you!!
You die...
Your body crumbles into a pile of gold.

.# .# .###+#####
.........#
.........###############
........................
.....................#
.....................##.
................@.9.....
..####............§C....
........................
########################


You could see a cyclops (ally target) and a friendly guardian golem (summoned,
inner flame).

Vanquished Creatures
  A bullfrog (D:7)
  An orc wizard (D:6)
  2 adders
  2 dart slugs (D:2)
  An orc (D:3)
  4 giant cockroaches
  A goblin (D:4)
  2 hobgoblins (D:1)
  A jackal (D:1)
  2 kobolds
  3 quokkas
  A bat (D:1)
  2 frilled lizards
  2 rats
25 creatures vanquished.

Vanquished Creatures (collateral kills)
  A komodo dragon (D:8)
  Grinder (D:3)
  A yak (D:11)
  2 water moccasins (D:8)
  3 black bears
  An ice beast (D:5)
  A sky beast (D:7)
  2 phantoms
  4 bullfrogs
  4 scorpions
  A howler monkey (D:7)
  A jelly (D:4)
  2 hounds (D:6)
  2 orc priests
  2 sleepcaps
  5 iguanas
  Ijyb (D:3)
  4 orc wizards
  7 adders
  A river rat (D:6)
  A white imp (D:7)
  An ufetubus (D:6)
  A worm (D:4)
  2 dart slugs
  13 orcs
  2 ball pythons
  7 bats
  3 endoplasms
  3 giant cockroaches
  2 hobgoblins
  9 jackals
  2 frilled lizards (D:1)
  2 goblins
  3 kobolds
  6 rats
103 creatures vanquished.

Vanquished Creatures (others)
  A two-headed ogre (D:8)
  Pikel (D:6)
  Joseph (D:8)
  3 yaks (D:11)
  A water moccasin (Sewer)
  A sky beast (D:7)
  An orc warrior (D:6)
  2 ogres
  A bullfrog (D:7)
  A scorpion (D:5)
  6 killer bees (D:7)
  Crazy Yiuf (D:3)
  A river rat (D:6)
  30 fungi (D:8)
  33 plants (D:8)
84 creatures vanquished.

Grand Total: 212 creatures vanquished

Notes
Turn   | Place    | Note
-------+----------+-------------------------------------------
     0 | D:1      | cforsyth the Octopode Summoner began the quest for the Orb.
     0 | D:1      | Reached XP level 1. HP: 11/11 MP: 3/3
   110 | D:1      | Reached XP level 2. HP: 17/17 MP: 1/5
   684 | D:2      | Reached XP level 3. HP: 21/21 MP: 4/7
   787 | D:1      | Learned a level 2 spell: Call Imp
   791 | D:1      | Learned a level 3 spell: Call Canine Familiar
   996 | D:2      | Reached XP level 4. HP: 27/27 MP: 2/8
  1086 | D:2      | Learned a level 3 spell: Summon Guardian Golem
  1418 | D:2      | Reached skill level 5 in Summonings
  2032 | D:3      | Noticed Grinder
  2120 | D:3      | Killed Grinder
  2121 | D:3      | Reached skill level 6 in Summonings
  2121 | D:3      | Reached XP level 5. HP: 31/31 MP: 1/11
  2121 | D:3      | Reached XP level 6. HP: 36/36 MP: 1/12
  2454 | D:3      | Found a runed translucent door.
  2455 | D:3      | Noticed Crazy Yiuf
  2508 | D:3      | Noticed Ijyb
  2553 | D:3      | Killed Ijyb
  2778 | D:3      | Killed Crazy Yiuf
  3105 | D:4      | Found a shimmering altar of Xom.
  3277 | D:4      | Reached skill level 5 in Spellcasting
  3277 | D:4      | Reached XP level 7. HP: 41/41 MP: 10/14
  3805 | D:4      | Learned a level 4 spell: Summon Lightning Spire
  3910 | D:4      | Reached skill level 1 in Hexes
  3910 | D:4      | Reached skill level 1 in Air Magic
  4336 | D:5      | Entered Level 5 of the Dungeon
  4348 | D:5      | Reached skill level 7 in Summonings
  4348 | D:5      | Reached XP level 8. HP: 46/46 MP: 12/16
  4470 | D:5      | Found a shadowy altar of Dithmenos.
  5499 | D:6      | Found a glowing drain.
  5503 | Sewer    | Entered a sewer
  5598 | Sewer    | Reached skill level 8 in Summonings
  5598 | Sewer    | Reached XP level 9. HP: 51/51 MP: 18/18
  6132 | D:6      | Noticed Pikel
  6150 | D:6      | Killed Pikel
  6456 | D:6      | Found a staircase to the Ecumenical Temple.
  6535 | Temple   | Entered the Ecumenical Temple
  6543 | Temple   | Became a worshipper of Gozag Ym Sagoz the Greedy
  6836 | D:6      | Found a basalt altar of Yredelemnul.
  6968 | D:7      | Reached skill level 9 in Summonings
  8051 | D:7      | Found a white marble altar of Elyvilon.
  8147 | D:7      | Found a bloodstained altar of Trog.
  8242 | D:8      | Noticed Joseph
  8248 | D:8      | Noticed a komodo dragon
  8251 | D:8      | Reached skill level 10 in Summonings
  8251 | D:8      | Reached XP level 10. HP: 45/56 MP: 10/22
  8257 | D:8      | Noticed a two-headed ogre
  8259 | D:8      | Killed Joseph
  8267 | D:8      | Killed a two-headed ogre
  8352 | D:8      | You are sucked into a shaft and drop 3 floors!
  8379 | D:11     | Reached skill level 11 in Summonings
  8416 | D:11     | Noticed a cyclops
  8430 | D:11     | Hit by a large rock thrown by a cyclops

Illustrated notes

Levels and vault maps discovered:
D:1:      dpeg_arrival_orchard, layout_rooms
D:2:      layout_basic
D:3:      layout_loops_ring, uniq_grinder, uniq_ijyb, uniq_crazy_yiuf_cottage
D:4:      layout_basic, mainiacjoe_overflow_24_doors
D:5:      layout_basic, mainiacjoe_overflow_brackets, nrook_loot_triangle
D:6:      layout_loops_cross, lemuel_coloured_pillars_altar,
          minmay_temple_entry_overgrown, gup_sewer_entry_spiral, uniq_pikel
D:7:      layout_basic, old_standard_altar, mainiacjoe_overflow_small_starburst
D:8:      layout_loops_ring, chequers_temple_overflow_statue_of_worship,
          due_lair_maze_entry_diamond, enter_ossuary_1, uniq_joseph
D:11:     erik_rubicon_a, layout_stronghold
Temple:   eino_temple_lava

Skill      XL: |  1  2  3  4  5  6  7  8  9 10 |
---------------+-------------------------------+-----
Spellcasting   | 3 4 5 6 8 9 |  9.7
Summonings     | 6 7 8 10 11 | 11.1
Hexes          | 2 3 |  3.0
Air Magic      | 2 4 |  4.0
Dodging        | |  2.0
Stealth        | |  2.6

Action                     |  1- 3 |  4- 6 |  7- 9 | 10-12 || total
---------------------------+-------+-------+-------+-------++-------
  Melee: Unarmed           |    34 |    19 |    55 |       ||   108
         Constrict         |    11 |     8 |    12 |       ||    31
         Tentacles         |     8 |     4 |    14 |       ||    26
         Punch             |       |     1 |       |       ||     1
   Cast: Summon Small Mamm |    25 |    16 |    31 |     2 ||    74
         Call Imp          |     3 |    15 |    24 |     2 ||    44
         Call Canine Famil |     2 |    13 |    33 |     3 ||    51
         Summon Guardian G |       |     4 |    20 |     7 ||    31
         Summon Lightning  |       |       |     4 |       ||     4
    Use: Scroll            |       |       |    13 |       ||    13
         Potion            |       |       |     1 |     2 ||     3
   Stab: Distracted        |     2 |     1 |     1 |       ||     4
         Sleeping          |     1 |       |     1 |       ||     2
 Armour: Skin              |     3 |     4 |     7 |     1 ||    15
  Dodge: Dodged            |    22 |    13 |    60 |     4 ||    99

Table legend: (Time is in decaauts)
 A = Elapsed time spent in this place.
 B = Non-inter-level travel time spent in this place.
 C = Inter-level travel time spent in this place.
 D = Time resting spent in this place.
 E = Time spent auto-exploring this place.
 F = Levels seen in this place.
 G = Mean time per level.
                   A        B        C        D        E       F      G
               +--------+--------+--------+--------+--------+-----+--------+
         Total |   8427 |   8132 |    295 |    697 |   5660 |  11 |  766.1 |
       Dungeon |   8071 |   7784 |    287 |    497 |   5583 |   9 |  896.8 |
        Temple |     16 |      8 |      8 |      0 |      0 |   1 |   16.0 |
         Sewer |    339 |    339 |      0 |    200 |     77 |   1 |  339.0 |
               +--------+--------+--------+--------+--------+-----+--------+

Top non-repeatable levels by time:
     D:3: 1545 daAuts
     D:6: 1325 daAuts
     D:7: 1290 daAuts
     D:4: 1141 daAuts
     D:2: 995 daAuts
     D:5: 931 daAuts
     D:1: 654 daAuts
   Sewer: 339 daAuts
     D:8: 109 daAuts
    D:11: 77 daAuts
  Temple: 16 daAuts
